 Dungeon Crawl Stone Soup version 0.31-a0-1059-g83d41fd8b6 (webtiles) character file.

Game seed: 13653322799722688838

1680448 MackTheKnife the Impregnable (level 25, 262/262 HPs)
             Began as an Armataur Brigand on Nov 21, 2023.
             Was an Initiate of Gozag.
             Escaped with the Orb
             ... and 3 runes!
             The game lasted 01:46:28 (65612 turns).

MackTheKnife the Impregnable (Armataur Brigand)    Turns: 65612, Time: 01:46:29

Health: 262/262    AC: 48    Str: 28    XL:     25   Next: 41%
Magic:  20/20      EV: 12    Int: -2    God:    Gozag
Gold:   926        SH: 22    Dex: 24    Spells: 24/24 levels left

rFire   + . .        r - staff "Nenif" {rC+ rN+++ Str-5 Int-3 Stlth+ Ice, staff}
rCold   + + +        u - +5 kite shield {rF+}
rNeg    + + +        M - +0 gold dragon scales "Hemar" {rElec rPois rF+ rC+ Dex+2, rare}
rPois   +            (helmet restricted)
rElec   +            G - scarf of Inevitability {repulsion, rC+ Dex+3}
rCorr   +            N - +2 pair of gloves {Str+3}
SInv    .            l - +4 barding
Will    +++..        e - necklace of Bloodlust {Fury *Rage Will++ Int-3 Slay+6} Stlth
                     W - ring of Activism {Contam rElec rN+++ rCorr Int-5}
HPRegen 0.63/turn    Q - ring of the Tortoise {AC+8}
MPRegen 0.17/turn

%: random rage (50%), repel missiles, roll
@: slowed, lost intelligence, unable to read, very slow
A: large, rugged brown scales 3, deformed body, armoured tail, roll, long
tongue, awkward tongue, antennae 1, thin skeletal structure 1, low MP 1, strong
2, wild magic 1, heat vulnerability 1
0: Orb of Zot
}: 3/15 runes: decaying, serpentine, silver
a: Renounce Religion, Potion Petition, Call Merchant, Bribe Branch


You escaped.
You worshipped Gozag.
Gozag was pleased with you.
You visited 10 branches of the dungeon, and saw 48 of its levels.
You visited 1 bazaar.
You also visited: Ice Cave, Volcano and Desolation.

You collected 26362 gold pieces.
You spent 7435 gold pieces at shops.
You paid 18001 gold pieces to Gozag.


Innate Abilities, Weirdness & Mutations

You are completely covered in rugged brown scales. (AC +3, +7% HP)
Armour fits poorly on your strangely shaped body.
You have a long armoured tail.
You roll when moving toward enemies. (Rampage)
Your long tongue fully drains potion bottles. (2x potion effects)
Your tongue gives you trouble enunciating. (1.5x scroll delay)
You have a pair of small antennae on your head.
You have a somewhat thin skeletal structure. (Dex +2, Stealth+)
Your magical capacity is low. (-10% MP)
Your muscles are very strong. (Str +8, Int/Dex -2)
Your spells are a little harder to cast, but a little more powerful.
You are vulnerable to heat. (rF-)


   Skills:
 - Level 24.0 Fighting
 - Level 1.7 Short Blades
 - Level 18.0 Axes
 - Level 1.7 Throwing
 + Level 26.3 Armour
 - Level 15.0 Dodging
 - Level 4.3 Stealth
 - Level 20.0 Shields
 - Level 6.0 Evocations


You had 24 spell levels left.
You didn't know any spells.
Your spell library contained the following spells:

 Spells                   Type           Power      Damage    Failure   Level
 Kiss of Death            Conj/Necr      0%         2d5       100%        1
 Magic Dart               Conj           0%         1d3       100%        1
 Slow                     Hex            0%         N/A       100%        1
 Blink                    Tloc           0%         N/A       100%        2
 Ensorcelled Hibernation  Hex/Ice        0%         N/A       100%        2
 Jinxbite                 Hex            0%         N/A       100%        2
 Lesser Beckoning         Tloc           0%         N/A       100%        2
 Momentum Strike          Conj/Tloc      0%         3d8       100%        2
 Passwall                 Tmut/Erth      0%         N/A       100%        2
 Scorch                   Fire           0%         2d5       100%        2
 Searing Ray              Conj           0%         2d4       100%        2
 Sublimation of Blood     Necr           0%         N/A       100%        2
 Wereblood                Tmut           0%         N/A       100%        2
 Call Canine Familiar     Summ           0%         N/A       100%        3
 Confusing Touch          Hex            0%         N/A       100%        3
 Hailstorm                Conj/Ice       0%         3d3       100%        3
 Inner Flame              Hex/Fire       0%         N/A       100%        3
 Mephitic Cloud           Conj/Pois/Air  0%         N/A       100%        3
 Sigil of Binding         Hex            0%         N/A       100%        3
 Stone Arrow              Conj/Erth      0%         3d7       100%        3
 Summon Guardian Golem    Hex/Summ       0%         N/A       100%        3
 Swiftness                Air            0%         N/A       100%        3
 Vampiric Draining        Necr           0%         2d6       100%        3
 Volatile Blastmotes      Fire/Tloc      0%         2d10      100%        3
 Animate Armour           Summ/Erth      0%         N/A       100%        4
 Cause Fear               Hex            0%         N/A       100%        4
 Dimensional Bullseye     Hex/Tloc       0%         N/A       100%        4
 Dispel Undead            Necr           0%         3d6       100%        4
 Flame Wave               Conj/Fire      0%         2d4       100%        4
 Fulminant Prism          Conj/Hex       0%         3d5       100%        4
 Leda's Liquefaction      Hex/Erth       0%         N/A       100%        4
 Olgreb's Toxic Radiance  Pois           0%         N/A       100%        4
 Sticky Flame             Conj/Fire      0%         2d3       100%        4
 Summon Ice Beast         Ice/Summ       0%         N/A       100%        4
 Vhi's Electric Charge    Tloc/Air       0%         N/A       100%        4
 Alistair's Intoxication  Tmut/Pois      0%         N/A       100%        5
 Arcjolt                  Conj/Air       0%         1d10      100%        5
 Borgnjor's Vile Clutch   Necr/Erth      0%         N/A       100%        5
 Iskenderun's Battlesphe  Conj           0%         2d6       100%        5
 Lee's Rapid Deconstruct  Erth           0%         3d4*      100%        5
 Bombard                  Conj/Erth      0%         9d1       100%        6
 Eringya's Noxious Bog    Tmut/Pois      0%         4d6       100%        6
 Plasma Beam              Fire/Air       0%         2x1d10    100%        6
 Summon Cactus Giant      Summ           0%         N/A       100%        6
 Haunt                    Necr/Summ      0%         N/A       100%        7
 Orb of Destruction       Conj           0%         9d5       100%        7
 Ozocubu's Refrigeration  Ice            0%         4d7       100%        7
 Spellforged Servitor     Conj/Summ      0%         N/A       100%        7
 Summon Hydra             Summ           0%         N/A       100%        7
 Discord                  Hex            0%         N/A       100%        8
 Ignition                 Fire           0%         3d3       100%        8
 Infestation              Necr           0%         N/A       100%        8
 Lehudib's Crystal Spear  Conj/Erth      0%         10d2      100%        8
 Maxwell's Capacitive Co  Air            0%         ∞         100%        8
 Death's Door             Necr           0%         N/A       100%        9
 Polar Vortex             Ice            0%         N/A       100%        9
 Animate Dead             Necr           Unusable   N/A       N/A         4
 Simulacrum               Ice/Necr       Unusable   N/A       N/A         6

Inventory:

Hand Weapons
 a - a +9 broad axe of flaming {axe}
   (You took it off an orc warrior on level 2 of the Orcish Mines)
 d - a +6 heavy broad axe {axe}
   (You took it off a draconian knight on level 4 of the Realm of Zot)
 s - a +4 vampiric broad axe {axe}
   (You bought it in a shop in a bazaar)
Armour
 j - a +1 helmet of see invisible
   (You found it on level 5 of the Vaults)
 l - a +4 barding (worn)
   (You found it on level 2 of the Dungeon)
 u - a +5 kite shield of fire resistance (worn)
   (You found it in a volcano)
 G - the scarf of Inevitability (worn) {repulsion, rC+ Dex+3}
   (You found it in the Desolation of Salt)

   Dex+3:     It affects your dexterity (+3).
   rC+:       It protects you from cold.
 M - the +0 gold dragon scales "Hemar" (worn) {rElec rPois rF+ rC+ Dex+2, rare}
   (You bought it in a shop on level 9 of the Dungeon)

   Dex+2:     It affects your dexterity (+2).
   rF+:       It protects you from fire.
   rC+:       It protects you from cold.
   rElec:     It insulates you from electricity.
   rPois:     It protects you from poison
 N - a +2 pair of gloves of strength (worn)
   (You found it on level 4 of the Snake Pit)
Magical Staves
 r - the staff "Nenif" (weapon) {rC+ rN+++ Str-5 Int-3 Stlth+ Ice, staff}
   (You found it on level 3 of the Elven Halls)

   [staff of cold]

   Base accuracy: +5 Base damage: 5 Base attack delay: 1.2 This weapon's minimum
   attack delay (0.6) is reached at skill level 12.
   Str-5:     It affects your strength (-5).
   Int-3:     It affects your intelligence (-3).
   rC+:       It protects you from cold.
   rN+++:     It renders you almost immune to negative energy.
   Stlth+:    It makes you more stealthy.
   Ice:       It increases the power of your Ice spells.
   It falls into the 'Staves' category.
   It is a one-handed weapon.
Jewellery
 e - the necklace of Bloodlust (around neck) {Fury *Rage Will++ Int-3 Slay+6}
   (You bought it in a shop on level 1 of the Vaults)

   [amulet of nothing]

   Fury:      It extends the wearer's berserk rage when killing foes.
   Int-3:     It affects your intelligence (-3).
   Slay+6:    It affects your accuracy & damage with ranged weapons and melee
   (+6).
   Will++:    It greatly increases your willpower.
   *Rage:     It berserks you when you make melee attacks (+50% chance).
 D - the ring "Vadew" {Will+ rCorr MP+9}
   (You found it in the Desolation of Salt)

   [ring of magical power]

   Will+:     It increases your willpower.
   MP+9:      It affects your magic capacity (+9).
   rCorr:     It protects you from acid and corrosion.
 P - the ring of the Sunfish {rF+ Dex+6 SInv}
   (You found it in the Desolation of Salt)

   [ring of dexterity]

   Dex+6:     It affects your dexterity (+6).
   rF+:       It protects you from fire.
   SInv:      It lets you see invisible.
 Q - the ring of the Tortoise (right hand) {AC+8}
   (You bought it in a shop on level 7 of the Dungeon)

   [ring of protection]

   AC+8:      It affects your AC (+8).
 W - the ring of Activism (left hand) {Contam rElec rN+++ rCorr Int-5}
   (You bought it in a shop on level 7 of the Dungeon)

   [ring of resist corrosion]

   Int-5:     It affects your intelligence (-5).
   rElec:     It insulates you from electricity.
   rN+++:     It renders you almost immune to negative energy.
   Contam:    It causes magical contamination when unequipped.
   rCorr:     It protects you from acid and corrosion.
Wands
 g - a wand of roots (8)
   (You found it on level 2 of the Vaults)
 n - a wand of digging (12)
   (You found it on level 8 of the Dungeon)
 E - a wand of flame (109)
   (You took it off an orc on level 7 of the Dungeon)
 L - a wand of paralysis (47)
   (You took it off Lodul on level 11 of the Dungeon)
 S - a wand of light (12)
   (You found it on level 2 of the Elven Halls)
 T - a wand of polymorph (12)
   (You found it on level 3 of the Elven Halls)
 V - a wand of mindburst (33)
   (You found it on level 1 of the Vaults)
Scrolls
 f - 16 scrolls of teleportation {@r4}
 k - 4 scrolls of blinking {!r}
 m - 10 scrolls of fear
 p - a scroll of butterflies
 v - 9 scrolls of poison
 x - a scroll of silence {!r}
 A - 4 scrolls of vulnerability {!r!r}
 F - 18 scrolls of identify {@r1}
 H - 7 scrolls of immolation {!r!r}
 K - 14 scrolls of fog
Potions
 b - a potion of magic
 h - 8 potions of attraction {!q}
 i - 7 potions of brilliance
 o - 19 potions of curing {@q1}
 q - 8 potions of lignification {!q}
 t - a potion of ambrosia
 w - 2 potions of mutation {!q}
 z - 4 potions of invisibility
 B - 5 potions of haste {@q3}
 C - 4 potions of resistance
 I - 4 potions of enlightenment
 O - 11 potions of heal wounds {@q2}
 R - 3 potions of berserk rage {!q}
Miscellaneous
 c - a box of beasts
   (You found it on level 5 of the Vaults)
 X - a condenser vane
   (You found it in the Desolation of Salt)
 Y - a phial of floods
   (You found it on level 5 of the Vaults)
 Z - a phantom mirror (inert)
   (You found it on level 5 of the Vaults)

Dungeon Overview and Level Annotations

Branches:
Dungeon (15/15)            Temple (1/1) D:4            Lair (5/5) D:10
  Swamp (4/4) Lair:3        Snake (4/4) Lair:2        Slime (0/5) Lair:5
    Orc (2/2) D:12            Elf (3/3) Orc:2        Vaults (5/5) D:13
  Crypt (0/3) Vaults:2     Depths (4/4) D:15            Zot (5/5) Depths:4
  IceCv (visited)         Volcano (visited)         Desolation (visited)

Altars:
Ashenzari
Cheibriados
Dithmenos
Elyvilon
Fedhas
Gozag
Hepliaklqana
Kikubaaqudgha
Makhleb
Nemelex Xobeh
Okawaru
Qazlal
Ru
Sif Muna
Trog
Uskayaw
Vehumet
Wu Jian
Xom
Yredelemnul
Zin
The Shining One
Jiyva

Shops:
D:7 *=?[=[(((   D:9 [   Orc:1 =   Orc:2 ?*!!   Elf:1 *   Elf:2 [   Elf:3 *[:*(
Snake:1 ![   Snake:2 :   Snake:4 *(   Vaults:1 =

Portals:
Hell: Depths:1
Trove: Elf:2 (give +4 fire dragon scales)

Annotations:
D:3 1 runed translucent door, othur's ghost, amateur DsCK
D:12 Rupert
Lair:1 2 transporters, DEFE's ghost, journeyman DsWn
Swamp:3 Roxanne
Elf:1 6 runed translucent doors

####.#.....#.......####..#...##.#
#.#.....#...##### #..#.####..
#.#....####.## #..#^# #..
#.#....# ##.# #..#.# #..
####.#.#### #.## #..#.# #..
.....#.### ##.#######..#.####.#
####.#...# #.###.#.#..........#
.#######.## ##.#.#.#.#.##.######
..........######@######....######
.##########.#.#.#.## ###........
.########..#.#.###.# #...#####
.'........#######.## #...#....
.########.# ##.# #...#.### .# #.#
#.## #.....###
.########.########.# #.....#..
.##..............#.# #.....+..
.......##.######...# #.....#..


There were no monsters in sight!


Message History

You start waiting.
Your blood rage is quickly leaving you.
Unknown command.
You are no longer berserk.
You are exhausted.
You feel yourself slow down. 😎 HP[-131]
You now have 262 max hp (-131).
You start waiting.
A hellwing comes into view.
A hellwing comes into view.
The hellwing gives a chilling moan.
Unknown command.
What level of the Dungeon? (default 1, ? - help)
Okay, then.
An Executioner comes into view.
You roll towards the hellwing!
You hit the hellwing.
The hellwing convulses.
You tail-slap the hellwing, but do no damage.
You slice the hellwing!!
The hellwing convulses!!
You kill the hellwing!
You slash the hellwing!
The hellwing convulses!
You block the hellwing's attack. x2
A large abomination comes into view.
You completely miss the hellwing.
The Executioner gestures.
The Executioner seems to speed up.
You block the hellwing's attack. x2
You carve the hellwing like a ham!!!
You kill the hellwing!
The Executioner hits you but does no damage.
You block the Executioner's attack. x2
You hit the Executioner.
The Executioner convulses.
You block the Executioner's attack. x3; The Executioner barely misses you.
The Executioner hits you but does no damage.
The Executioner closely misses you. The Executioner hits you.
The Executioner misses you.
The Executioner hits you but does no damage.
The large abomination is distracted by your dazzling golden aura.
The Executioner hits you but does no damage.
The Executioner closely misses you.
The Executioner hits you but does no damage. 😕 HP[-5]
You take 5 damage, and now have 257/262 hp.
You closely miss the Executioner. You tail-slap the Executioner!
The Executioner hits you! You block the Executioner's attack. x2
The Executioner is distracted by your dazzling golden aura. 😕 HP[-6]
You take 6 damage, and now have 251/262 hp.
You catch the helpless Executioner completely off-guard!
You cut the Executioner into ribbons!!!
You kill the Executioner!
The large abomination is no longer distracted by gold.
You roll towards the large abomination!
You hit the large abomination but do no damage.
You tail-slap the large abomination!!
You block the large abomination's attack. 😕 HP[+1]
You slice the large abomination!!
The large abomination convulses!!
You destroy the large abomination! 😕 HP[+1] No target in view!
No target in view!
No target in view!
No target in view!
No target in view!
No target in view!
No target in view!
No target in view!
No target in view!
No target in view!
No target in view!
No target in view!
No target in view!
You now have 926 gold pieces (gained 24).
You feel yourself speed up. 😕 HP[+2]
You regained 2 hp, and now have 255/262 hp. 😕 HP[+1] 😕 HP[+1]
What level of the Dungeon? (default 1, ? - help)
You recover from your berserk rage.
There is a stone staircase leading up here.
You fly upwards.
There is a stone staircase leading down here.
You see here 4 large rocks {=fthrowing}.
You see here a +0 robe.
There is a stone staircase leading up here.
You fly upwards.
There is a stone staircase leading down here. 😎 HP[+5]
Your hp is fully restored (262).
You see here a +0 dagger {short}.
There is an open door here.
There is a staircase leading out of the dungeon here.
You float gracefully downwards.
The +4 consecrated labrys {holy, Valiant Fragile Fly SInv} stops glowing.
The +4 consecrated labrys {holy, Valiant Fragile Fly SInv} crumbles to dust!
You feel weaker.
You feel stupid.
You have lost your intelligence.
r - the staff "Nenif" (weapon)
{rC+ rN+++ Str-5 Int-3 Stlth+ Ice, staff} You can move again.
You have escaped!

Skill      XL: |  1  2  3  4  5  6  7  8  9 10 11 12 13 14 15 16 17 18 19 20 21 22 23 24 25 |
---------------+----------------------------------------------------------------------------+-----
Fighting       | 2 3 4 5 6 7 10 13 14 16 17 18 20 23 24 | 24.0
Shields        | 1 2 3 5 12 15 16 17 18 20 | 20.0
Armour         | 3 4 5 10 12 15 16 18 20 21 24 26 | 26.3
Evocations     | 1 5 6 |  6.0
Axes           | 4 8 10 11 14 16 17 18 | 18.0
Dodging        | 6 10 12 15 | 15.0
Short Blades   | |  1.7
Throwing       | |  1.7
Stealth        | |  4.3

Action                     |  1- 3 |  4- 6 |  7- 9 | 10-12 | 13-15 | 16-18 | 19-21 | 22-24 | 25-27 || total
---------------------------+-------+-------+-------+-------+-------+-------+-------+-------+-------++-------
  Melee: Dagger            |   103 |   245 |   426 |       |       |       |       |       |       ||   774
         Tailslap          |    12 |    25 |   109 |   156 |   363 |   316 |   295 |   416 |    32 ||  1724
         Mace              |       |    12 |     6 |       |       |       |       |       |       ||    18
         War axe           |       |       |   105 |   764 |  1708 |   744 |       |       |       ||  3321
         Flail             |       |       |       |       |    12 |    12 |       |       |       ||    24
         Broad axe         |       |       |       |       |       |   777 |  1441 |  1514 |    49 ||  3781
         Unarmed           |       |       |       |       |       |       |       |     2 |       ||     2
         Labrys            |       |       |       |       |       |       |       |       |   111 ||   111
  Throw: Dart              |       |     3 |    10 |    44 |     2 |       |       |       |       ||    59
         Throwing net      |       |     1 |       |       |       |       |       |       |       ||     1
 Invoke: Call Merchant     |       |       |     1 |     1 |     3 |     2 |     1 |     1 |       ||     9
         Potion Petition   |       |       |       |       |       |       |     3 |     4 |     1 ||     8
         Bribe Branch      |       |       |       |       |       |       |       |     1 |       ||     1
  Evoke: Wand              |       |       |     6 |    11 |     9 |    12 |     4 |     1 |     4 ||    47
         Condenser vane    |       |       |       |       |       |       |       |     2 |       ||     2
         Phantom mirror    |       |       |       |       |       |       |       |       |     1 ||     1
    Use: Scroll            |       |     7 |    14 |     8 |    12 |    19 |     7 |     5 |     2 ||    74
         Potion            |       |     1 |     2 |     7 |    11 |     3 |     2 |    13 |     4 ||    43
   Stab: Sleeping          |    12 |       |       |       |       |       |       |       |       ||    12
         Paralysed         |       |       |     6 |     8 |       |       |       |       |       ||    14
         Distracted        |       |       |       |     4 |     9 |    17 |    14 |    17 |     2 ||    63
         Invisible         |       |       |       |       |       |     2 |       |       |       ||     2
         Confused          |       |       |       |       |       |       |       |     2 |       ||     2
 Armour: Robe              |    42 |       |       |       |       |       |       |       |       ||    42
         Chain mail        |       |   189 |   387 |   386 |       |       |       |       |       ||   962
         Gold dragon scale |       |       |       |   345 |  1511 |   960 |   914 |  1110 |    75 ||  4915
         Skin              |       |       |       |       |       |       |       |     1 |       ||     1
  Dodge: Dodged            |    17 |    31 |    61 |    90 |   118 |    65 |   189 |   344 |    46 ||   961
         Repelled          |       |       |       |       |       |       |     1 |    25 |     3 ||    29
  Block: Buckler           |    12 |    42 |   106 |   158 |   229 |       |       |       |       ||   547
         Kite shield       |       |       |       |       |   396 |  1019 |   971 |  1278 |   166 ||  3830

Levels and vault maps discovered:
D:1:      reono_arrival_mine, layout_basic
D:2:      layout_loops_ring, minmay_misc_feat_rows, serial_bayou_pond_c,
          fountainhead, uniq_robin
D:3:      wad_woods_tower, layout_basic, ebering_ghost_reflecting_pool,
          minmay_misc_feat_square
D:4:      layout_basic, marbit_many_paths, kennysheep_mini_moat,
          mainiacjoe_overflow_brackets, mainiacjoe_overflow_tiny_flanked,
          minmay_temple_entry_glassed_door,
          serial_library_regret_index_double_sided
D:5:      layout_rooms, general_overflow_altar,
          nicolae_wu_jian_immortal_techniques, nrook_campfire
D:6:      layout_cave_pods, uniq_maggie
D:7:      layout_rooms, kiku_gazebo_pond_becter, mainiacjoe_overflow_catwalk,
          lightli_temple_of_fire, nicolae_ru_path_of_blood,
          kennysheep_nondescript
D:8:      layout_basic, kennysheep_generic_room_11
D:9:      layout_layer_cave, grunt_qazlal_sundering, nicolae_shop_dragon_depot,
          hangedman_glass_teeth, uniq_pikel
D:10:     layout_basic, lair_entry_dummy, lemuel_flamethrower_1, uniq_erolcha
D:11:     layout_roguey, uniq_lodul, uniq_urug
D:12:     layout_loops_corners, erik_orc_2, minmay_alternating_orb, uniq_rupert
D:13:     layout_cave_pools, hellmonk_vaults_attempted_burglary,
          grunt_ogre_cave, uniq_sonja, uniq_snorg, uniq_kirke
D:14:     layout_layer_cave, minmay_misc_feat_nine_boxes
D:15:     grunt_enter_depths_giant_problem, layout_irregular_city,
          portal_ice_cave_entry_ice_statue_two, patterned_corridor
Temple:   nicolae_temple_bog_church
Lair:1:   beast_lair_carwin_large_4, layout_cave_pods, gammafunk_ghost_arena
Lair:2:   layout_roguey, dummy_snake_entry, minivault_11
Lair:3:   layout_roguey, nicolae_swamp_entry_spooky, kennysheep_snail_temple
Lair:4:   layout_loops_ring, serial_rivers, chequers_serial_rivers_small_b,
          chequers_serial_rivers_large_b, chequers_serial_rivers_large_a,
          chequers_serial_rivers_marsh, chequers_serial_rivers_micro_b,
          chequers_serial_rivers_micro_b, enter_volcano_3
Lair:5:   grunt_lair_end_beastmaster, layout_cave_pods, slime_entry_1,
          serial_bayou_shore_b, grunt_megastairs_5, lemuel_fruit_fields
Swamp:1:  layout_basic_swamp, hellmonk_ghost_happy_afterlife, serial_swamp_ruin,
          evilmike_swamp_ruin_house_3, evilmike_swamp_ruin_rubble_1,
          evilmike_swamp_ruin_rubble_2, swamp_pool_1_2
Swamp:2:  layout_basic_swamp, nicolae_swamp_dense_foliage, swamp_pool_1_2,
          kb_tengu_band
Swamp:3:  layout_basic_swamp, evilmike_swamp_ruin_house_5, uniq_roxanne,
          uniq_mara, uniq_louise
Swamp:4:  byrel_swamp_growth_death_and_undeath, layout_basic_swamp
Snake:1:  layout_honeycomb, minmay_shoptagon, serial_bayou_shore_a
Snake:2:  layout_chambers, nicolae_shop_i_like_small_books_too, uniq_aizul
Snake:3:  layout_misc_corridors, evilmike_ambush [evilmike_ambush_outer_pillars,
          evilmike_ambush_inner_cross]
Snake:4:  minmay_snake_end_coiled, layout_misc_corridors, minmay_shop_star,
          serial_bayou_shore_b, uniq_mlioglotl
Orc:1:    layout_diamond_mine, basic_altar, serial_shops, shop
Orc:2:    st_orc_mages, layout_diamond_mine, guppyfry_orc_lava_fort
Elf:1:    eino_elf_arrival_customs, layout_geoelf_grid, serial_shops,
          nicolae_shop_getting_attention, orc_legates, grunt_megastairs_2
Elf:2:    elven_hall_of_blades_hangedman_original
          [nicolae_blade_entry_antechamber], layout_rooms, serial_shops,
          nicolae_shop_statue_plus, nicolae_trove_entry_crossroad
Elf:3:    minmay_elf_hall_dome, layout_geoelf_octagon, serial_shops,
          nicolae_shop_stone, nicolae_shop_waterfront, shop, shop, shop,
          fountainhead, uniq_zenata, uniq_norris
Vaults:1: nicolae_vaults_spaceships, vaults_dpeg_emergency_exit,
          nicolae_vaults_closet_pinwheel_6, nicolae_vaults_rhombus_5, v_misc_26,
          grunt_vaults_trifunnel, nicolae_vaults_door_testing_chamber,
          nicolae_vaults_tetromino_Z_1, nicolae_vaults_diamond_2,
          nicolae_vaults_little_squares_5, layout_vaults_omnicross,
          serial_shops, nicolae_diamond_shop
Vaults:2: v_misc_19, v_misc_29, ontoclasm_vaults_eye,
          minmay_crypt_entry_simple_box, nicolae_vaults_oozy_zoo,
          layout_vaults_omnigrid
Vaults:3: nicolae_vaults_hexular_roomagon, nicolae_vaults_storage_closets_1,
          nicolae_vaults_tetromino_Z_1, v_misc_3, nicolae_vaults_ninety_degrees,
          nicolae_vaults_corpse_flower, vaults_dpeg_hooks, v_pattern_4,
          nicolae_vaults_little_ls, layout_vaults_chaotic_city, uniq_boris
Vaults:4: portal_desolation_entry_twin_temple, v_misc_18, st_spiral_rooms,
          nicolae_vaults_trapezoid_lopsided_4, nicolae_vaults_little_squares_2,
          vaults_mumra_hex, v_pattern_5, nicolae_vaults_more_shelving_2,
          nicolae_vaults_surprise_closet, layout_vaults_omnibox
Vaults:5
Depths:1: layout_gridlike, dk_noncrumbling_4, grunt_mini_vestibule,
          minmay_large_rounded_square, slow_altar_2
Depths:2: radiant_caverns_b_rkd, hell_entry, pan_entry, uniq_sojobo
Depths:3: ragdoll_tomb_raider, layout_gridlike, hell_entry,
          abyss_entry_small_statue_room, hangedman_decor_peaks_small,
          rand_demon_pan_entry_3, elyvilon_altar_5
Depths:4: evilmike_zot_entry_diamond, layout_cave_shapes, enter_ziggurat_d,
          tso_metal_star, serial_shops, bzr_in_the_mist, hellmouth_1
Zot:1:    circus_mu, layout_onion_interference,
          hangedman_zot_decor_unnerving_road
Zot:2:    kennysheep_room_grid, layout_onion, grunt_megastairs_3
Zot:3:    layout_onion, regret_index_zotdec_stipple_waver
Zot:4:    grunt_zot_stairs_faceoff, layout_twisted_circle,
          regret_index_zotdec_icy_dp, st_single_dragon_hoard_1
Zot:5:    layout_misc_corridors, st_stairs_1, drop_trap, lemuel_lake_of_fire

Notes
Turn   | Place    | Note
-------+----------+-------------------------------------------
     0 | D:1      | MackTheKnife the Armataur Brigand began the quest for the
                  | Orb.
     0 | D:1      | Reached XP level 1. HP: 18/18 MP: 1/1
     0 | D:1      | magus.rc [v1.9.6]
   112 | D:1      | Reached skill level 2 in Fighting
   543 | D:1      | You pick up a book of the Hunter and begin reading...
   543 | D:1      | You add the spells Sigil of Binding, Call Canine Familiar,
                  | Dimensional Bullseye and Leda's Liquefaction to your
                  | library.
   595 | D:1      | Reached XP level 2. HP: 26/26 MP: 2/2
  1435 | D:2      | Reached skill level 3 in Fighting
  1435 | D:2      | Reached skill level 1 in Shields
  1435 | D:2      | Reached XP level 3. HP: 33/33 MP: 3/3
  1663 | D:2      | Identified the +1 helmet "Paruts" {Str+3}
  1663 | D:2      | Noticed Robin
  1757 | D:2      | Killed Robin
  1827 | D:2      | You pick up a book of Lightning and begin reading...
  1827 | D:2      | You add the spells Vhi's Electric Charge, Arcjolt and
                  | Plasma Beam to your library.
  1886 | D:2      | You pick up a book of Touch and begin reading...
  1886 | D:2      | You add the spells Kiss of Death, Confusing Touch and
                  | Dispel Undead to your library.
  1995 | D:2      | Reached skill level 2 in Shields
  2140 | D:3      | Reached XP level 4. HP: 40/40 MP: 4/4
  2864 | D:3      | Found a runed translucent door.
  2976 | D:3      | Noticed othur's ghost (amateur DsCK)
  3016 | D:3      | Reached skill level 3 in Shields
  3016 | D:3      | Reached XP level 5. HP: 48/49 MP: 5/5
  3090 | D:4      | Found a bloodstained altar of Trog.
  3092 | D:4      | Noticed a water moccasin
  3121 | D:4      | Killed a water moccasin
  3122 | D:4      | Reached skill level 4 in Fighting
  3122 | D:4      | Reached skill level 3 in Armour
  3325 | D:4      | Reached XP level 6. HP: 53/55 MP: 6/6
  3367 | D:4      | Reached skill level 4 in Armour
  3472 | D:4      | Found a staircase to the Ecumenical Temple.
  3509 | Temple   | Entered the Ecumenical Temple
  3524 | Temple   | Became a worshipper of Gozag Ym Sagoz the Greedy
  3549 | D:4      | You pick up a book of Scorching and begin reading...
  3549 | D:4      | You add the spells Scorch, Flame Wave and Summon Cactus
                  | Giant to your library.
  3657 | D:4      | Found an iron altar of Okawaru.
  3664 | D:4      | Reached skill level 5 in Fighting
  3712 | D:4      | Found a glowing golden altar of the Shining One.
  3842 | D:4      | Found a shadowy altar of Dithmenos.
  4023 | D:5      | Entered Level 5 of the Dungeon
  4235 | D:5      | Reached XP level 7. HP: 65/66 MP: 7/7
  4294 | D:5      | Reached skill level 6 in Fighting
  4479 | D:5      | Reached skill level 5 in Armour
  4690 | D:5      | Found a broken altar of Ashenzari.
  4730 | D:5      | Reached skill level 4 in Shields
  4949 | D:5      | Found an ornate altar of the Wu Jian Council.
  5108 | D:6      | Reached skill level 5 in Shields
  5108 | D:6      | Reached skill level 1 in Evocations
  5108 | D:6      | Reached XP level 8. HP: 60/74 MP: 8/8
  5210 | D:6      | Reached skill level 2 in Evocations
  5292 | D:6      | Reached skill level 3 in Evocations
  5365 | D:6      | Reached skill level 1 in Axes
  5523 | D:6      | Reached skill level 2 in Axes
  5523 | D:6      | Reached skill level 4 in Evocations
  5564 | D:6      | Reached skill level 3 in Axes
  5564 | D:6      | Reached skill level 5 in Evocations
  5796 | D:6      | Noticed Maggie
  5808 | D:6      | Killed Maggie
  5809 | D:6      | Reached skill level 4 in Axes
  5809 | D:6      | Reached XP level 9. HP: 76/80 MP: 9/9
  6223 | D:7      | Reached skill level 6 in Evocations
  6255 | D:7      | Found a burning altar of Makhleb.
  6546 | D:7      | Reached skill level 5 in Axes
  6577 | D:7      | HP: 17/80 [black bear (5)]
  6836 | D:7      | Reached skill level 6 in Axes
  6852 | D:7      | Found a shimmering blue altar of Sif Muna.
  6897 | D:7      | Found an ancient bone altar of Kikubaaqudgha.
  7079 | D:7      | Found a sacrificial altar of Ru.
  7407 | D:8      | Reached skill level 7 in Axes
  7832 | D:9      | Found a stormy altar of Qazlal.
  7881 | D:9      | Noticed Pikel
  7927 | D:9      | Killed Pikel
  7928 | D:9      | Reached skill level 8 in Axes
  7928 | D:9      | Reached XP level 10. HP: 88/88 MP: 10/10
  8238 | D:9      | Reached skill level 9 in Axes
  8380 | D:9      | Found Cadmus's Dragon-Slaying Spoils.
  8856 | D:10     | Entered Level 10 of the Dungeon
  8923 | D:10     | HP: 14/89 [yak (12)]
  9063 | D:10     | Noticed a gargoyle
  9082 | D:10     | Killed a gargoyle
  9083 | D:10     | Reached skill level 7 in Fighting
  9202 | D:10     | You pick up a book of Debilitation and begin reading...
  9202 | D:10     | You add the spells Slow and Vampiric Draining to your
                  | library.
  9378 | D:10     | Reached skill level 10 in Axes
  9430 | D:10     | Reached XP level 11. HP: 68/98 MP: 11/11
  9579 | D:10     | Noticed Erolcha
  9579 | D:10     | Noticed a centaur warrior
  9593 | D:10     | Killed Erolcha
  9604 | D:10     | Killed a centaur warrior
  9605 | D:10     | Reached skill level 8 in Fighting
  9732 | D:10     | Found a staircase to the Lair.
  9839 | D:10     | You add the spells Olgreb's Toxic Radiance, Ignition and
                  | Discord to your library.
  9969 | D:11     | Noticed a red ugly thing
  9979 | D:11     | Killed a red ugly thing
 10402 | D:11     | Noticed a two-headed ogre
 10410 | D:11     | Noticed a two-headed ogre
 10412 | D:11     | Killed a two-headed ogre
 10811 | D:11     | Killed a two-headed ogre
 10812 | D:11     | Reached skill level 9 in Fighting
 10812 | D:11     | Reached skill level 11 in Axes
 10862 | D:11     | Noticed a two-headed ogre
 10881 | D:11     | Killed a two-headed ogre
 11014 | D:11     | Noticed Urug
 11016 | D:11     | Urug changed into Urug the cane toad
 11016 | D:11     | Noticed Urug
 11031 | D:11     | Killed Urug the cane toad
 11362 | D:11     | Noticed Lodul
 11363 | D:11     | Paralysed by Lodul for 2 turns
 11377 | D:11     | Killed Lodul
 11538 | D:9      | Bought the +0 gold dragon scales "Hemar" {rElec rPois rF+
                  | rC+ Dex+2} for 1178 gold pieces
 11538 | D:9      | M - the +0 gold dragon scales "Hemar" {rElec rPois rF+ rC+
                  | Dex+2, rare}
 11548 | D:9      | You finish putting on the +0 gold dragon scales "Hemar"
                  | {rElec rPois rF+ rC+ Dex+2, rare}.
 11606 | Lair:1   | Entered Level 1 of the Lair of Beasts
 11621 | Lair:1   | Reached skill level 10 in Fighting
 11826 | Lair:1   | Reached XP level 12. HP: 96/113 MP: 12/12
 12090 | Lair:1   | Reached skill level 12 in Axes
 12468 | Lair:1   | Noticed a death yak
 12484 | Lair:1   | Found a transporter.
 12486 | Lair:1   | Noticed DEFE's ghost (journeyman DsWn)
 12519 | Lair:1   | Found a transporter.
 12603 | Lair:1   | Noticed a death yak
 12604 | Lair:1   | Noticed a death yak
 12614 | Lair:1   | Noticed a death yak
 12626 | Lair:1   | Killed a death yak
 12634 | Lair:1   | Killed a death yak
 12636 | Lair:1   | Noticed a death yak
 12645 | Lair:1   | Killed a death yak
 12656 | Lair:1   | Killed a death yak
 12657 | Lair:1   | Reached skill level 13 in Axes
 12668 | Lair:1   | Killed a death yak
 14170 | Lair:2   | Reached skill level 14 in Axes
 14801 | D:12     | You pick up a book of Blood and begin reading...
 14801 | D:12     | You add the spells Sublimation of Blood, Wereblood and
                  | Summon Hydra to your library.
 15319 | D:12     | HP: 14/113 [large slime creature (18)]
 15319 | D:12     | Noticed a two-headed ogre
 15773 | D:11     | Reached XP level 13. HP: 118/120 MP: 13/13
 16387 | D:12     | Identified the ring "Beudurak" {rCorr Str+3}
 16410 | D:12     | Reached skill level 15 in Axes
 16437 | D:12     | You pick up a book of Flames and begin reading...
 16437 | D:12     | You add the spells Inner Flame and Sticky Flame to your
                  | library.
 17529 | D:12     | Noticed Rupert
 17618 | D:12     | Found a staircase to the Orcish Mines.
 17635 | Orc:1    | Entered Level 1 of the Orcish Mines
 17917 | Orc:1    | Found Dupiall's Jewellery Shoppe.
 18274 | Orc:2    | Entered Level 2 of the Orcish Mines
 18773 | Orc:2    | Paralysed by an orc sorcerer for 2 turns
 18783 | Orc:1    | Reached skill level 16 in Axes
 19009 | Orc:1    | Reached skill level 6 in Armour
 19512 | Orc:2    | Reached skill level 7 in Armour
 19751 | Orc:1    | Reached skill level 8 in Armour
 19993 | Orc:2    | Found a staircase to the Elven Halls.
 20167 | Orc:2    | Reached skill level 9 in Armour
 20186 | Orc:2    | HP: 22/120 [orc priest/divine providence (13)]
 20552 | Orc:2    | Reached skill level 10 in Armour
 20656 | Orc:2    | Found Rascha Dido's Distillery.
 20656 | Orc:2    | Found Izootrox's Distillery.
 20820 | Orc:2    | Found Coxterem's General Store.
 20824 | Orc:2    | Found Vyren's Magic Scroll Boutique.
 20829 | Orc:2    | Bought a scroll of blinking for 97 gold pieces
 20834 | Orc:2    | Bought a scroll of blinking for 82 gold pieces
 20834 | Orc:2    | Bought a scroll of blinking for 82 gold pieces
 20834 | Orc:2    | Bought a scroll of teleportation for 33 gold pieces
 20835 | Orc:2    | Bought a potion of might for 68 gold pieces
 20835 | Orc:2    | Bought 2 potions of might for 136 gold pieces
 20835 | Orc:2    | Bought a potion of might for 68 gold pieces
 20838 | Orc:2    | Bought a potion of heal wounds for 65 gold pieces
 21162 | Orc:1    | Reached XP level 14. HP: 66/129 MP: 14/14
 22092 | Lair:2   | Reached skill level 11 in Armour
 22336 | Lair:2   | Found a staircase to the Snake Pit.
 23035 | Lair:3   | Reached skill level 12 in Armour
 23439 | Orc:2    | Bought the +2 war axe "Ropuq" {freeze, rF+} for 393 gold
                  | pieces
 24063 | Lair:3   | Found a snail-covered altar of Cheibriados.
 24584 | Lair:3   | Reached skill level 11 in Fighting
 24614 | Lair:3   | Found a staircase to the Swamp.
 24990 | Lair:4   | You fall into a shaft and drop 1 floor!
 24990 | Lair:5   | Entered Level 5 of the Lair of Beasts
 25035 | Lair:5   | Reached skill level 12 in Fighting
 25345 | Lair:4   | Found a dark tunnel.
 25359 | Volcano  | Entered a volcano
 25612 | Volcano  | Reached skill level 13 in Fighting
 25989 | Volcano  | Identified the +1 pair of boots "Cumnub" {rC- Dex+8}
 26020 | Volcano  | Gained mutation: Your tail ends in a venomous barb. [potion
                  | of mutation]
 26020 | Volcano  | Gained mutation: You are strong-willed. (Will+) [potion of
                  | mutation]
 26020 | Volcano  | Gained mutation: You have an increased reservoir of magic.
                  | (+10% MP) [potion of mutation]
 26020 | Volcano  | Gained mutation: Your muscles are strong. (Str +4, Int/Dex
                  | -1) [potion of mutation]
 27780 | Lair:5   | Found a staircase to the Slime Pits.
 27780 | Lair:5   | Found a viscous altar of Jiyva.
 27887 | Lair:5   | Reached XP level 15. HP: 145/145 MP: 16/16
 27932 | Lair:5   | Reached skill level 6 in Shields
 28446 | Lair:5   | Reached skill level 7 in Shields
 29356 | D:7      | Bought an amulet of regeneration for 420 gold pieces
 29690 | D:12     | Reached skill level 14 in Fighting
 29720 | D:13     | Reached skill level 8 in Shields
 29896 | D:13     | Reached skill level 9 in Shields
 29982 | D:13     | Noticed Sonja
 29991 | D:13     | Killed Sonja
 30095 | D:13     | Noticed Kirke
 30103 | D:13     | Killed Kirke
 30104 | D:13     | Reached skill level 10 in Shields
 30143 | D:13     | Noticed Snorg
 30154 | D:13     | Killed Snorg
 30477 | D:13     | Found a gate to the Vaults.
 30691 | D:14     | Reached skill level 11 in Shields
 30711 | D:14     | You pick up a book of Armaments and begin reading...
 30711 | D:14     | You add the spells Stone Arrow, Animate Armour and
                  | Lehudib's Crystal Spear to your library.
 31881 | D:15     | Entered Level 15 of the Dungeon
 31912 | D:15     | Found a frozen archway.
 31944 | IceCv    | Entered an ice cave
 31960 | IceCv    | Reached skill level 12 in Shields
 32303 | IceCv    | You pick up a book of the Tundra and begin reading...
 32303 | IceCv    | You add the spells Hailstorm and Summon Ice Beast to your
                  | library.
 32395 | IceCv    | Reached XP level 16. HP: 115/156 MP: 17/17
 32850 | D:15     | Reached skill level 13 in Armour
 33018 | D:15     | Reached skill level 13 in Shields
 33280 | D:15     | Found a staircase to the Depths.
 33706 | Snake:1  | Entered Level 1 of the Snake Pit
 33983 | Snake:1  | Reached skill level 14 in Armour
 34051 | Snake:1  | Found Laduewk's Armour Boutique.
 34055 | Snake:1  | Found Cuimot's Distillery.
 34069 | Snake:1  | Bought a potion of heal wounds for 75 gold pieces
 34069 | Snake:1  | Bought a potion of heal wounds for 75 gold pieces
 34105 | Snake:1  | Reached skill level 14 in Shields
 34834 | Snake:1  | You pick up a book of Death and begin reading...
 34834 | Snake:1  | You add the spells Haunt and Infestation to your library.
 35087 | D:7      | Bought a scroll of teleportation for 111 gold pieces
 35087 | D:7      | Bought a scroll of teleportation for 111 gold pieces
 35087 | D:7      | Bought a scroll of teleportation for 111 gold pieces
 35477 | Elf:1    | Entered Level 1 of the Elven Halls
 35495 | Elf:1    | Reached skill level 15 in Armour
 35641 | Elf:1    | Found Sirghato's Assorted Antiques.
 35659 | Elf:1    | Reached skill level 15 in Shields
 35671 | Elf:1    | Bought a scroll labelled QYLE DUIGEITEWK for 36 gold pieces
 35671 | Elf:1    | Bought a scroll of identify for 72 gold pieces
 36026 | Elf:1    | You pick up a book of Power and begin reading...
 36026 | Elf:1    | You add the spells Iskenderun's Battlesphere, Bombard and
                  | Spellforged Servitor to your library.
 36474 | Elf:1    | Identified the +5 scimitar of Cipohua {heavy, rPois rC-
                  | Will++ Int+3}
 36474 | Elf:1    | Identified the +7 scimitar of Giroq {flame, Str+3}
 36520 | Elf:1    | Noticed a Hell Sentinel
 36670 | Elf:1    | Reached XP level 17. HP: 164/164 MP: 18/18
 36690 | Elf:1    | Reached skill level 15 in Fighting
 36761 | Elf:1    | Found a runed translucent gate.
 36761 | Elf:1    | Found a runed translucent gate.
 36761 | Elf:1    | Found a runed translucent gate.
 36761 | Elf:1    | Found a runed translucent gate.
 36761 | Elf:1    | Found a runed translucent gate.
 36763 | Elf:1    | Found a runed translucent gate.
 37143 | Elf:2    | Found a portal to a secret trove of treasure.
 37173 | Elf:2    | Found a runed translucent gate.
 37177 | Elf:2    | Found a runed translucent gate.
 37178 | Elf:2    | Found a runed translucent gate.
 37312 | Elf:2    | Found Qiavimal's Antique Armour Shop.
 37521 | Elf:2    | Reached skill level 16 in Fighting
 37890 | Elf:2    | Noticed a deep elf blademaster
 37897 | Elf:2    | Killed a deep elf blademaster
 38191 | Orc:2    | Bought a scroll of enchant weapon for 97 gold pieces
 38622 | Snake:2  | Found Jifauq's Tiny Tomes.
 38750 | Snake:2  | Reached skill level 17 in Axes
 38779 | Snake:2  | Identified the serpent talisman of Honour {Dex+8}
 38779 | Snake:2  | Noticed Aizul
 38794 | Snake:2  | Killed Aizul
 38961 | Snake:2  | You pick up a book of Debilitation and begin reading...
 39337 | Snake:2  | You fall into a shaft and drop 1 floor!
 39626 | Snake:3  | Reached XP level 18. HP: 163/177 MP: 19/19
 39644 | Snake:3  | Reached skill level 18 in Axes
 39648 | Snake:3  | Reached skill level 1 in Dodging
 39907 | Snake:3  | Reached skill level 2 in Dodging
 40567 | Snake:4  | Entered Level 4 of the Snake Pit
 40618 | Snake:4  | Found Edigoul's Weapon Shop.
 40623 | Snake:4  | Found Morchoust's General Store.
 40639 | Snake:4  | Bought a potion of heal wounds for 70 gold pieces
 40895 | Snake:4  | Reached skill level 3 in Dodging
 41358 | Snake:4  | Reached skill level 4 in Dodging
 41494 | Snake:4  | Noticed Mlioglotl
 41508 | Snake:4  | Killed Mlioglotl
 41695 | Snake:4  | Reached skill level 5 in Dodging
 41709 | Snake:4  | Reached skill level 17 in Fighting
 42094 | Snake:4  | Got a serpentine rune of Zot
 42213 | Snake:4  | magus.rc [v1.9.6]
 42213 | Snake:4  | magus.rc [v1.9.6]
 42357 | Swamp:1  | Entered Level 1 of the Swamp
 42511 | D:7      | Bought the ring of the Tortoise {AC+8} for 2304 gold pieces
 42511 | D:7      | Found the ring of the Tortoise {AC+8}
 42513 | D:7      | magus.rc [v1.9.6]
 42513 | D:7      | magus.rc [v1.9.6]
 42941 | Swamp:1  | Noticed Estrix's ghost (adept HOFi)
 42944 | Swamp:1  | Found a runed translucent door.
 42994 | Swamp:1  | Killed Estrix's ghost
 43064 | Swamp:1  | Reached skill level 6 in Dodging
 44032 | Swamp:3  | Noticed Louise
 44041 | Swamp:3  | Reached XP level 19. HP: 190/190 MP: 20/20
 44053 | Swamp:3  | Killed Louise
 44184 | Swamp:3  | Noticed Mara
 44204 | Swamp:3  | Killed Mara
 44205 | Swamp:3  | Reached skill level 7 in Dodging
 44323 | Swamp:3  | You pick up a book of Burglary and begin reading...
 44323 | Swamp:3  | You add the spells Passwall, Ensorcelled Hibernation and
                  | Swiftness to your library.
 44366 | Swamp:3  | Noticed Roxanne
 44723 | Swamp:4  | Entered Level 4 of the Swamp
 44986 | Swamp:4  | You pick up a book of Debilitation and begin reading...
 45015 | Swamp:4  | Reached skill level 18 in Fighting
 45024 | Swamp:4  | Reached skill level 8 in Dodging
 45178 | Swamp:4  | Reached skill level 9 in Dodging
 45191 | Swamp:4  | Found a basalt altar of Yredelemnul.
 45228 | Swamp:4  | Found a blossoming altar of Fedhas.
 45855 | Swamp:4  | Got a decaying rune of Zot
 46138 | Vaults:1 | Entered Level 1 of the Vaults
 46354 | Elf:3    | Entered Level 3 of the Elven Halls
 46360 | Elf:3    | Found Wiamiwy's Antique Armour Shoppe.
 46510 | Elf:3    | Found Hirie's General Store.
 46618 | Elf:3    | Found Beimaid's Book Shop.
 46643 | Elf:3    | Found Plog's Assorted Antiques.
 46688 | Elf:3    | Paralysed by an air elemental for 1 turns
 46755 | Elf:3    | Noticed Norris
 46768 | Elf:3    | Noticed Zenata
 46773 | Elf:3    | Killed Norris
 46774 | Elf:3    | Reached skill level 10 in Dodging
 46797 | Elf:3    | Killed Zenata
 47082 | Elf:3    | Found Dibo's Antique Weapon Boutique.
 47576 | Elf:3    | Identified the ring "Tunui" {rElec SInv}
 47585 | Elf:3    | Reached skill level 16 in Armour
 47661 | Elf:3    | Reached skill level 16 in Shields
 47661 | Elf:3    | Reached XP level 20. HP: 126/200 MP: 22/22
 47662 | Elf:3    | Identified a scroll of acquirement
 47723 | Elf:3    | Identified the storm talisman "Qamuziegg" {Stlth+}
 47728 | Elf:3    | You pick up a book of Touch and begin reading...
 47753 | Elf:3    | Acquired a manual of Dodging
 47816 | Elf:3    | Identified the staff "Nenif" {rC+ rN+++ Str-5 Int-3 Stlth+
                  | Ice}
 47822 | Elf:3    | You pick up a book of the Earth and begin reading...
 47833 | Elf:3    | You pick up a book of Conjurations {@e2} and begin
                  | reading...
 47833 | Elf:3    | You add the spells Magic Dart, Searing Ray and Fulminant
                  | Prism to your library.
 47836 | Elf:3    | You add the spells Alistair's Intoxication, Borgnjor's Vile
                  | Clutch and Eringya's Noxious Bog to your library.
 48483 | Vaults:1 | You pick up a book of Spatial Translocations and begin
                  | reading...
 48483 | Vaults:1 | You add the spells Blink, Momentum Strike and Lesser
                  | Beckoning to your library.
 48791 | Vaults:1 | Reached skill level 11 in Dodging
 48892 | Vaults:1 | Reached skill level 17 in Armour
 49298 | Vaults:1 | Found Sixycho's Jewellery Shoppe.
 49801 | D:7      | Bought the ring of Activism {Contam rElec rN+++ rCorr
                  | Int-5} for 700 gold pieces
 49806 | D:7      | magus.rc [v1.9.6]
 50022 | Vaults:2 | Reached skill level 17 in Shields
 50061 | Vaults:2 | Found a staircase to the Crypt.
 50321 | Vaults:2 | Found a runed translucent door.
 50378 | Vaults:2 | Identified the ring of Paranoia {Fly rF+}
 50437 | Vaults:2 | Reached skill level 12 in Dodging
 50779 | Vaults:2 | Reached skill level 18 in Armour
 51552 | Vaults:3 | Reached XP level 21. HP: 202/207 MP: 23/23
 51782 | Vaults:3 | Reached skill level 13 in Dodging
 51888 | Vaults:3 | Reached skill level 18 in Shields
 52147 | Vaults:3 | Noticed Boris
 52157 | Vaults:3 | Killed Boris
 52294 | Vaults:3 | Reached skill level 19 in Armour
 52509 | Vaults:3 | You fall into a shaft and drop 1 floor!
 52559 | Vaults:4 | Found a crumbling gateway.
 52566 | Vaults:4 | Reached skill level 14 in Dodging
 52579 | Desolati | Entered the Desolation of Salt
 52649 | Desolati | Identified the ring "Vadew" {Will+ rCorr MP+9}
 52651 | Desolati | Identified the +4 ring mail of Freedom {Contam rN+ Str+4
                  | Int+3}
 52659 | Desolati | Identified the +1 robe of the Untouchables {rN+ Dex+3}
 52907 | Desolati | Got the Handbook of the Gift and Teratogeny
 52909 | Desolati | You pick up a book of the Tundra and begin reading...
 52913 | Desolati | Identified the scarf of Inevitability {repulsion, rC+
                  | Dex+3}
 52925 | Desolati | Identified the ring of the Sunfish {rF+ Dex+6 SInv}
 53009 | Desolati | Got the Handbook of Macabre Terra Firma
 53011 | Desolati | You add the spells Jinxbite and Cause Fear to your library.
 53011 | Desolati | Got Zeipeqoc's Discursus on Bewitching Electricity
 53265 | Desolati | Gained mutation: You possess an exceptional clarity of
                  | mind. [mutagenic glow]
 53349 | Vaults:4 | Reached skill level 20 in Armour
 53488 | Vaults:1 | Bought the necklace of Bloodlust {Fury *Rage Will++ Int-3
                  | Slay+6} for 815 gold pieces
 53488 | Vaults:1 | Found the necklace of Bloodlust {Fury *Rage Will++ Int-3
                  | Slay+6}
 53729 | Vaults:4 | You pick up a book of Ice and begin reading...
 53729 | Vaults:4 | You add the spells Ozocubu's Refrigeration and Polar Vortex
                  | to your library.
 54166 | Vaults:4 | Reached skill level 15 in Dodging
 54360 | Vaults:4 | Reached XP level 22. HP: 216/216 MP: 24/24
 54389 | Vaults:4 | Reached skill level 21 in Armour
 54790 | Vaults:4 | Identified the +5 cloak of a Billion Orbs {-Cast Harm rC+++
                  | rCorr}
 54988 | Vaults:4 | Lost mutation: Your muscles are strong. (Str +4, Int/Dex
                  | -1) [mutagenic glow]
 55766 | D:7      | magus.rc [v1.9.6]
 56080 | Vaults:5 | Entered Level 5 of the Vaults
 56089 | Vaults:5 | Noticed a golden dragon
 56103 | Vaults:5 | Killed a golden dragon
 56129 | Vaults:5 | Noticed a golden dragon
 56140 | Vaults:5 | Reached skill level 19 in Fighting
 56140 | Vaults:5 | Killed a golden dragon
 56300 | Vaults:5 | Identified the +7 hand axe "Fuoroofo" {drain, Int+4 Stlth+}
 56442 | Vaults:5 | Noticed a dread lich
 56465 | Vaults:5 | Killed a dread lich
 56494 | Vaults:5 | Identified the +3 ring mail of the Flute {Rampage rPois rF+
                  | Dex-5}
 56729 | Vaults:5 | Got a silver rune of Zot
 56732 | Vaults:5 | Identified the +0 robe "Unogaz" {Contam rF+ Dex+2}
 56785 | Vaults:5 | Reached skill level 20 in Fighting
 56970 | Vaults:5 | Noticed an ancient lich
 56984 | Vaults:5 | Killed an ancient lich
 56987 | Vaults:5 | HP: 47/222 [tengu reaver/+2 dire flail of protection (30)]
 57735 | Vaults:5 | Identified the +4 ring mail of the Will of the Gods {rN+
                  | Str+4}
 57746 | Vaults:5 | Identified the ring "Tiytsibo" {rPois rF- Int+8 Dex+6}
 57935 | Vaults:5 | Got the Catalogue of the Niveous Blaze
 58216 | Vaults:5 | a +0 arbalest {crossbow}; +0 shadow dragon scales {rare}
 58374 | Vaults:5 | Identified the +4 mace "Dostrum" {flame, Dex+2}
 58765 | Depths:1 | Entered Level 1 of the Depths
 58771 | Depths:1 | Reached XP level 23. HP: 233/233 MP: 25/25
 58788 | Depths:1 | Reached skill level 21 in Fighting
 59645 | Depths:1 | Found a snail-covered altar of Cheibriados.
 59764 | Depths:1 | Found a gateway to Hell.
 59782 | Depths:1 | magus.rc [v1.9.6]
 59943 | Depths:2 | Reached skill level 22 in Fighting
 60447 | Orc:2    | Bought a scroll of revelation for 82 gold pieces
 60670 | Depths:4 | Entered Level 4 of the Depths
 60670 | Depths:4 | Found a flickering gateway to a bazaar.
 60712 | Bazaar   | Entered a bazaar
 60730 | Bazaar   | Found Tudink's Distillery.
 60746 | Bazaar   | Found Marroer's General Store.
 60762 | Bazaar   | Found Zioffuot's Jewellery Emporium.
 60778 | Bazaar   | Found Geoferij's Magic Scroll Emporium.
 60778 | Bazaar   | Found Todoireme's Antique Weapon Shoppe.
 60830 | Bazaar   | Bought a runed broad axe for 154 gold pieces
 60937 | Depths:4 | Found a gate to the Realm of Zot.
 60950 | Zot:1    | Entered Level 1 of the Realm of Zot
 60961 | Depths:4 | Noticed a juggernaut
 60982 | Depths:4 | Killed a juggernaut
 61005 | Zot:1    | Noticed a curse toe
 61245 | Depths:4 | Killed a curse toe
 61418 | Depths:4 | Reached skill level 23 in Fighting
 61616 | Zot:1    | Identified the +4 ring mail of Tender Moments {Str+4}
 61621 | Zot:1    | You pick up a book of Dangerous Friends and begin
                  | reading...
 61621 | Zot:1    | You add the spells Summon Guardian Golem and Orb of
                  | Destruction to your library.
 61683 | Zot:2    | Noticed an electric golem
 61722 | Zot:2    | Killed an electric golem
 61976 | Zot:2    | Noticed an orb of fire
 61978 | Zot:2    | Noticed a curse toe
 61985 | Zot:2    | Killed a curse toe
 61987 | Zot:2    | Gained mutation: You are clumsy. (Dex -2) [an orb of fire]
 61995 | Zot:2    | Killed an orb of fire
 62012 | Zot:2    | Reached XP level 24. HP: 221/253 MP: 25/25
 62058 | Zot:2    | Reached skill level 24 in Fighting
 62112 | Zot:2    | Noticed an orb of fire
 62127 | Zot:2    | Gained mutation: You are dopey. (Int -2) [an orb of fire]
 62131 | Zot:2    | Gained mutation: You are frail. (-10% HP) [an orb of fire]
 62133 | Zot:2    | Killed an orb of fire
 62689 | Zot:4    | Noticed a Killer Klown
 62953 | Zot:4    | Reached skill level 22 in Armour
 63112 | Zot:4    | Identified the amulet "Irut" {Reflect rF+ SH+5}
 63155 | Zot:4    | Killed a Killer Klown
 63212 | Zot:5    | Entered Level 5 of the Realm of Zot
 63228 | Zot:5    | Reached skill level 19 in Shields
 63338 | Zot:5    | Noticed an orb of fire
 63338 | Zot:5    | Noticed an orb of fire
 63339 | Zot:5    | Noticed an orb of fire
 63341 | Zot:5    | Lost mutation: You possess an exceptional clarity of mind.
                  | [an orb of fire]
 63342 | Zot:5    | Gained mutation: Potions are less effective at restoring
                  | your health. [an orb of fire]
 63357 | Zot:5    | Killed an orb of fire
 63359 | Zot:5    | Killed an orb of fire
 63368 | Zot:5    | Gained mutation: You are partially covered in iridescent
                  | scales. (AC +2) [an orb of fire]
 63369 | Zot:5    | Killed an orb of fire
 63431 | Zot:5    | Lost mutation: Your tail ends in a venomous barb. [potion
                  | of mutation]
 63431 | Zot:5    | Lost mutation: You are partially covered in iridescent
                  | scales. (AC +2) [potion of mutation]
 63431 | Zot:5    | Lost mutation: You have an increased reservoir of magic.
                  | (+10% MP) [potion of mutation]
 63431 | Zot:5    | Lost mutation: You are strong-willed. (Will+) [potion of
                  | mutation]
 63431 | Zot:5    | Lost mutation: You are clumsy. (Dex -2) [potion of
                  | mutation]
 63431 | Zot:5    | Lost mutation: Potions are less effective at restoring your
                  | health. [potion of mutation]
 63431 | Zot:5    | Gained mutation: You passively dampen the noise of your
                  | surroundings. [potion of mutation]
 63431 | Zot:5    | Gained mutation: You occasionally lose the ability to drink
                  | potions when taking damage. [potion of mutation]
 63431 | Zot:5    | Lost mutation: You are frail. (-10% HP) [potion of
                  | mutation]
 63432 | Zot:5    | Lost mutation: You occasionally lose the ability to drink
                  | potions when taking damage. [potion of mutation]
 63432 | Zot:5    | Lost mutation: You are dopey. (Int -2) [potion of mutation]
 63432 | Zot:5    | Lost mutation: You passively dampen the noise of your
                  | surroundings. [potion of mutation]
 63432 | Zot:5    | Gained mutation: You occasionally lose the ability to drink
                  | potions when taking damage. [potion of mutation]
 63432 | Zot:5    | Gained mutation: You are dopey. (Int -2) [potion of
                  | mutation]
 63432 | Zot:5    | Gained mutation: You are somewhat resistant to further
                  | mutation. [potion of mutation]
 63433 | Zot:5    | Lost mutation: You are dopey. (Int -2) [potion of mutation]
 63433 | Zot:5    | Lost mutation: You occasionally lose the ability to drink
                  | potions when taking damage. [potion of mutation]
 63433 | Zot:5    | Lost mutation: You are somewhat resistant to further
                  | mutation. [potion of mutation]
 63433 | Zot:5    | Gained mutation: You have a pair of small horns on your
                  | head. [potion of mutation]
 63433 | Zot:5    | Gained mutation: You do not regenerate when monsters are
                  | visible. [potion of mutation]
 63433 | Zot:5    | Gained mutation: You have sharp toenails. [potion of
                  | mutation]
 63433 | Zot:5    | Gained mutation: Your flesh is cold resistant. (rC+)
                  | [potion of mutation]
 63433 | Zot:5    | Gained mutation: You occasionally lose the ability to read
                  | scrolls when taking damage. [potion of mutation]
 63433 | Zot:5    | Gained mutation: You have hidden genetic potential. [potion
                  | of mutation]
 63434 | Zot:5    | Lost mutation: You occasionally lose the ability to read
                  | scrolls when taking damage. [potion of mutation]
 63434 | Zot:5    | Lost mutation: You have sharp toenails. [potion of
                  | mutation]
 63434 | Zot:5    | Lost mutation: You have hidden genetic potential. [potion
                  | of mutation]
 63434 | Zot:5    | Lost mutation: You have a pair of small horns on your head.
                  | [potion of mutation]
 63434 | Zot:5    | Lost mutation: Your flesh is cold resistant. (rC+) [potion
                  | of mutation]
 63434 | Zot:5    | Lost mutation: You do not regenerate when monsters are
                  | visible. [potion of mutation]
 63434 | Zot:5    | Gained mutation: You have a pair of small antennae on your
                  | head. [potion of mutation]
 63434 | Zot:5    | Gained mutation: You have a somewhat thin skeletal
                  | structure. (Dex +2, Stealth+) [potion of mutation]
 63434 | Zot:5    | Gained mutation: Your magical capacity is low. (-10% MP)
                  | [potion of mutation]
 63434 | Zot:5    | Gained mutation: Your muscles are strong. (Str +4, Int/Dex
                  | -1) [potion of mutation]
 63434 | Zot:5    | Gained mutation: Your spells are a little harder to cast,
                  | but a little more powerful. [potion of mutation]
 63434 | Zot:5    | Gained mutation: You are agile. (Dex +4, Str/Int -1)
                  | [potion of mutation]
 63434 | Zot:5    | Lost mutation: Your magical capacity is low. (-10% MP)
                  | [potion of mutation]
 63754 | Zot:5    | Noticed an orb of fire
 63754 | Zot:5    | Noticed an orb of fire
 63760 | Zot:5    | Noticed a Killer Klown
 63761 | Zot:5    | Noticed a dread lich
 63763 | Zot:5    | Noticed a dread lich
 63763 | Zot:5    | Noticed an orb of fire
 63764 | Zot:5    | Noticed an ancient lich
 63765 | Zot:5    | Noticed an ancient lich
 63767 | Zot:5    | Reached skill level 23 in Armour
 63769 | Zot:5    | Killed a dread lich
 63770 | Zot:5    | Lost intelligence.
 63770 | Zot:5    | Gained mutation: Your muscles are very strong. (Str +8,
                  | Int/Dex -2) [an orb of fire]
 63771 | Zot:5    | Noticed a Killer Klown
 63771 | Zot:5    | Noticed an ancient lich
 63773 | Zot:5    | Noticed an orb of fire
 63779 | Zot:5    | Noticed an ancient lich
 63780 | Zot:5    | Noticed a Killer Klown
 63780 | Zot:5    | Killed an orb of fire
 63781 | Zot:5    | Killed a dread lich
 63783 | Zot:5    | Killed a Killer Klown
 63787 | Zot:5    | Lost mutation: You are agile. (Dex +4, Str/Int -1) [an orb
                  | of fire]
 63788 | Zot:5    | Killed an orb of fire
 63789 | Zot:5    | Reached skill level 20 in Shields
 63790 | Zot:5    | Killed an ancient lich
 63797 | Zot:5    | Killed an ancient lich
 63797 | Zot:5    | Killed an orb of fire
 63799 | Zot:5    | Killed an ancient lich
 63810 | Zot:5    | Killed an ancient lich
 63814 | Zot:5    | Killed an ancient lich
 63834 | Zot:5    | Killed a Killer Klown
 63841 | Zot:5    | the +0 gold dragon scales "Hemar" {rElec rPois rF+ rC+
                  | Dex+2, rare} melds into your body.
 63844 | Zot:5    | the +0 gold dragon scales "Hemar" {rElec rPois rF+ rC+
                  | Dex+2, rare} unmelds from your body.
 63849 | Zot:5    | Killed a Killer Klown
 63850 | Zot:5    | Reached skill level 24 in Armour
 64060 | Zot:5    | Noticed a curse toe
 64073 | Zot:5    | Killed a curse toe
 64087 | Zot:5    | Noticed a curse toe
 64097 | Zot:5    | Killed a curse toe
 64098 | Zot:5    | Reached XP level 25. HP: 246/262 MP: 23/23
 64104 | Zot:5    | Noticed an electric golem
 64119 | Zot:5    | Killed an electric golem
 64222 | Zot:5    | Noticed a dread lich
 64225 | Zot:5    | Noticed a dread lich
 64232 | Zot:5    | Killed a dread lich
 64233 | Zot:5    | Reached skill level 25 in Armour
 64241 | Zot:5    | Killed a dread lich
 64265 | Zot:5    | Got the Orb of Zot
 64266 | Zot:5    | Noticed an electric golem
 64341 | Zot:5    | Noticed Bugist the pandemonium lord
 64357 | Zot:5    | Killed Bugist the pandemonium lord
 64525 | Zot:1    | Noticed Qexzaoxt the pandemonium lord
 64778 | D:12     | Gained mutation: Your magical capacity is low. (-10% MP) [a
                  | cacodemon]
 64895 | Elf:1    | Reached skill level 26 in Armour
 65368 | D:12     | Noticed Quutroal the pandemonium lord
 65377 | D:11     | Noticed Sudabb the pandemonium lord
 65382 | D:11     | Gained mutation: You are vulnerable to heat. (rF-) [a
                  | cacodemon]
 65607 | D:1      | Lost intelligence.
 65612 | D:$      | Escaped with the Orb!

Vanquished Creatures
  A pandemonium lord (Zot:5)
  3 dread liches
  7 orbs of fire
  5 ancient liches
  Mara (Swamp:3)
  A juggernaut (Depths:4)
  Boris (Vaults:3)
  3 Killer Klowns
  4 curse toes
  9 golden dragons
  Norris (Elf:3)
  11 tentacled monstrosities
  A hellephant (Zot:5)
  A Tzitzimitl (Zot:5)
  An Ice Fiend (Zot:5)
  2 electric golems
  Zenata (Elf:3)
  Mlioglotl (Snake:4)
  19 Orb Guardians
  3 liches
  A deep elf master archer (Elf:3)
  5 quicksilver dragons
  4 titans (Vaults:5)
  A deep elf blademaster (Elf:2)
  7 sphinxes
  2 Executioners
  3 death cobs
  An ancient champion (Depths:1)
  Kirke (D:13)
  The ghost of Estrix the Warrior, an adept HOFi of Gozag (Swamp:1)
  8 shadow dragons
  5 tengu reavers
  3 thorn hunters (Swamp:4)
  5 draconian monks
  2 fenstrider witches (Swamp:2)
  10 storm dragons
  3 nagarajas
  Aizul (Snake:2)
  5 frost giants
  3 fire giants
  5 draconian knights
  8 deep elf sorcerers
  17 vault wardens
  3 iron dragons (Vaults:5)
  An imperial myrmidon (Desolation)
  Louise (Swamp:3)
  A ghost moth (Zot:4)
  4 draconian shifters
  A draconian scorcher (Zot:4)
  4 deep elf elementalists (Elf:3)
  A demonspawn blood saint (D:12)
  2 ghouls (Swamp:4)
  3 hydra zombies (Swamp:4)
  4 draconian annihilators
  2 orc warlords
  2 draconian stormcallers
  4 reapers
  A cacodemon (D:12)
  A broodmother (shapeshifter) (Vaults:3)
  7 war gargoyles
  A demonspawn corrupter (D:12)
  3 formless jellyfish
  5 very ugly things
  10 ironbound thunderhulks
  8 deep elf demonologists
  17 ironbound preservers
  A lorocyproca (Zot:5)
  8 black draconians
  13 stone giants
  9 green draconians
  6 red draconians
  A vampire knight (Depths:2)
  3 halazid warlocks (Desolation)
  2 bunyips
  6 deep elf annihilators
  4 white draconians
  An eleionoma (Swamp:4)
  14 yellow draconians
  9 dire elephants
  7 purple draconians
  4 spark wasps
  5 fire dragons
  A green death (Elf:3)
  7 deep elf death magi
  Snorg (D:13)
  2 eidola
  A blizzard demon (D:12)
  An iron golem (Depths:1)
  2 crystal guardians
  15 yaktaur captains
  9 ettins
  An entropy weaver (Vaults:1)
  5 deep elf high priests
  4 ice dragons
  2 shambling mangroves (Swamp:4)
  A rakshasa (Depths:1)
  32 vault guards
  6 great orbs of eyes
  12 hydras
  6 ragged hierophants (Desolation)
  3 servants of whispers (Desolation)
  3 caustic shrike simulacra (IceCv)
  4 salamander tyrants
  2 spriggan air magi
  2 ghost crabs
  6 ironbound frosthearts
  2 hell beasts
  10 centaur warriors
  14 anacondas
  18 alligators
  7 peacekeepers
  5 ogre magi
  4 catoblepae
  A radroach (shapeshifter) (Vaults:5)
  8 boulder beetles
  17 naga warriors
  10 two-headed ogres
  An anaconda (shapeshifter) (Vaults:4)
  A hell hog (Depths:1)
  6 tengu warriors
  4 deep troll earth magi
  11 death yaks
  17 naga sharpshooters
  4 deep troll shamans
  7 orc high priests
  24 dancing weapons
  An occultist (Depths:2)
  2 spriggan berserkers (Depths:4)
  4 shock serpents
  14 deep elf knights
  Sonja (D:13)
  2 soul eaters
  6 sun demons
  6 hell knights
  3 iron trolls (Depths:1)
  Lodul (D:11)
  6 goliath frogs
  2 salamander mystics (Snake:4)
  4 skysharks (Elf:3)
  A spectral catoblepas (Lair:3)
  3 sea snakes (Snake:1)
  4 flayed ghosts
  9 glowing orange brains
  3 spriggan druids (Swamp:4)
  A quicksilver dragon simulacrum (Depths:1)
  47 deep trolls
  6 bog bodies
  9 swamp dragons
  8 naga ritualists
  33 ironbound convokers
  11 arcanists
  2 necromancers
  4 spectral hydras (Swamp:4)
  9 lindwurms
  2 obsidian statues (IceCv)
  Pikel (D:9)
  7 harpies
  17 deep elf zephyrmancers
  30 deep elf pyromancers
  6 deep elf archers
  3 phantasmal warriors
  18 mana vipers
  3 orc sorcerers
  15 orc knights
  27 ugly things
  5 will-o-the-wisps
  11 salamanders
  5 manticores
  A salamander (shapeshifter) (Elf:2)
  5 cyclopes
  3 oklob plants (Swamp:4)
  7 guardian serpents
  10 elephants
  7 molten gargoyles (Desolation)
  15 moths of wrath
  25 naga magi
  3 torpor snails
  34 black mambas
  2 guardian serpents (shapeshifter)
  2 orange demons (D:12)
  7 smoke demons
  12 vault sentinels
  4 large abominations
  3 gargoyles
  14 cane toads
  An unseen horror (D:12)
  2 ice statues (D:15)
  6 rime drakes
  10 komodo dragons
  33 yaktaurs
  3 kobold demonologists
  3 tengu conjurers
  A tormentor (Elf:3)
  Maggie (D:6)
  2 ice devils
  2 golden dragon simulacra (IceCv)
  A bloated husk (Swamp:4)
  6 trolls
  5 freezing wraiths
  7 hellwings
  2 death drake zombies (Swamp:4)
  7 tyrant leeches
  9 hornets
  A wind drake (Depths:2)
  34 saltlings (Desolation)
  5 polar bears
  A death drake skeleton (Swamp:4)
  9 dream sheep
  29 blink frogs
  2 hydra skeletons (Swamp:4)
  A glass eye (Depths:1)
  42 slime creatures
  2 air elementals
  2 shadows
  7 spriggans
  2 water elementals
  3 wraiths
  A small abomination (D:11)
  3 basilisks
  6 steam dragons
  62 yaks
  7 wyverns
  3 hogs (D:13)
  5 fire elementals
  12 vampire mosquitoes
  13 swamp worms
  A chaos spawn (Elf:3)
  72 nagas
  3 wargs (Orc:1)
  6 hydra simulacra
  16 water moccasins
  5 hell hounds
  3 swamp drakes (Swamp:4)
  2 ice beasts
  30 orc warriors
  A spectral blink frog (Lair:3)
  2 swamp dragon zombies (Swamp:4)
  3 black bears
  3 ettin simulacra (IceCv)
  11 ogres
  5 boggarts (Vaults:2)
  30 wolves
  18 centaurs
  3 lemures (D:9)
  4 phantoms
  6 kobold brigands
  9 bullfrogs
  2 deep troll simulacra (IceCv)
  2 earth elementals
  A scorpion (D:6)
  5 wights (D:8)
  5 killer bees (D:10)
  5 electric eels
  3 howler monkeys
  2 jellies (D:5)
  4 hounds
  31 orc priests
  9 iguanas
  24 orc wizards
  Robin (D:2)
  5 gnolls
  9 adders
  2 shadow imps
  2 white imps
  3 worms (D:2)
  A dart slug (D:3)
  75 orcs
  7 ball pythons
  3 endoplasms
  10 goblins
  6 hobgoblins
  8 jackals
  7 quokkas
  2 bats (D:2)
  21 kobolds
  A rat (D:3)
2003 creatures vanquished.

Vanquished Creatures (collateral kills)
  An Orb Guardian (Zot:5)
  A quicksilver dragon (Zot:5)
  A draconian knight (Zot:5)
  2 black draconians (Zot:5)
  A yellow draconian (Zot:5)
6 creatures vanquished.

Vanquished Creatures (others)
  3 dread liches (Zot:5)
  An ancient lich (Zot:5)
  2 orbs of fire (Zot:5)
  A Killer Klown (Zot:5)
  A golden dragon (Zot:5)
  A tentacled monstrosity (Zot:5)
  4 Orb Guardians (Zot:5)
  A death cob (Zot:5)
  A storm dragon (Zot:5)
  A draconian knight (Zot:5)
  2 green draconians (Zot:5)
  A black draconian (Zot:5)
  A white draconian (Zot:5)
  Erolcha (D:10)
  3 deep elf knights (Elf:1)
  A goliath frog (Swamp:2)
  A naga ritualist (Snake:3)
  A naga mage (Snake:3)
  2 bloated husks
  2 swamp worms (Swamp:4)
  An orc wizard (Elf:1)
  An orc (Elf:1)
  16 foxfires
49 creatures vanquished.

Grand Total: 2058 creatures vanquished

Table legend:
 A = Non-vault XP
 B = Vault XP
 C = Vault XP percentage of total XP
 D = Non-vault monster count
 E = Vault monster count
 F = Vault count percentage of total count
                 A         B        C        D         E       F
            +---------+---------+-------+---------+---------+-------
      Total |  609712 |  568371 |  48.2 |    1211 |     769 |  38.8
            +---------+---------+-------+---------+---------+-------
        D:1 |      20 |       0 |   0.0 |      10 |       0 |   0.0
        D:2 |      38 |      34 |  47.2 |      12 |      11 |  47.8
        D:3 |      67 |      36 |  35.0 |      15 |       6 |  28.6
        D:4 |     329 |     101 |  23.5 |      24 |       1 |   4.0
        D:5 |     692 |       0 |   0.0 |      17 |       0 |   0.0
        D:6 |    1465 |     350 |  19.3 |      12 |       1 |   7.7
        D:7 |    1436 |       0 |   0.0 |      36 |       0 |   0.0
        D:8 |     526 |       0 |   0.0 |      12 |       0 |   0.0
        D:9 |    2032 |     629 |  23.6 |      10 |       1 |   9.1
       D:10 |    4513 |     167 |   3.6 |      22 |       1 |   4.3
       D:11 |    6610 |    2311 |  25.9 |      26 |      11 |  29.7
       D:12 |    8893 |    5803 |  39.5 |      45 |      34 |  43.0
       D:13 |    9242 |    5356 |  36.7 |      22 |       8 |  26.7
       D:14 |    8033 |       0 |   0.0 |      15 |       0 |   0.0
       D:15 |   10504 |    1832 |  14.9 |      16 |       3 |  15.8
     Lair:1 |   10392 |    2360 |  18.5 |      33 |      15 |  31.2
     Lair:2 |    4961 |       0 |   0.0 |      20 |       0 |   0.0
     Lair:3 |   10155 |    2181 |  17.7 |      43 |       4 |   8.5
     Lair:4 |    8310 |     790 |   8.7 |      20 |       4 |  16.7
     Lair:5 |   10017 |   10729 |  51.7 |      40 |      26 |  39.4
    Swamp:1 |   15896 |    1430 |   8.3 |      30 |       1 |   3.2
    Swamp:2 |   11752 |    1159 |   9.0 |      20 |       2 |   9.1
    Swamp:3 |    9690 |    5677 |  36.9 |      17 |       2 |  10.5
    Swamp:4 |   11869 |   28667 |  70.7 |      25 |      46 |  64.8
    Snake:1 |   26006 |       0 |   0.0 |      46 |       0 |   0.0
    Snake:2 |   14762 |    1307 |   8.1 |      33 |       1 |   2.9
    Snake:3 |   19466 |   12809 |  39.7 |      51 |      20 |  28.2
    Snake:4 |   22302 |   22152 |  49.8 |      51 |      41 |  44.6
      Orc:1 |    2773 |    5303 |  65.7 |      30 |      12 |  28.6
      Orc:2 |    1829 |    6397 |  77.8 |      16 |      46 |  74.2
      Elf:1 |   10479 |   15081 |  59.0 |      18 |      35 |  66.0
      Elf:2 |   11336 |   22399 |  66.4 |      17 |      29 |  63.0
      Elf:3 |   11366 |   34181 |  75.0 |      19 |      32 |  62.7
   Vaults:1 |   34579 |   22682 |  39.6 |      52 |      29 |  35.8
   Vaults:2 |   31895 |    8992 |  22.0 |      54 |      14 |  20.6
   Vaults:3 |   34553 |   24163 |  41.2 |      50 |      28 |  35.9
   Vaults:4 |   31002 |   27389 |  46.9 |      38 |      33 |  46.5
   Vaults:5 |   10954 |  105014 |  90.6 |      13 |      89 |  87.3
   Depths:1 |   36101 |    5830 |  13.9 |      40 |       6 |  13.0
   Depths:2 |   18209 |    2687 |  12.9 |      20 |       5 |  20.0
   Depths:3 |    5288 |       0 |   0.0 |       7 |       0 |   0.0
   Depths:4 |   31921 |    9378 |  22.7 |      25 |       7 |  21.9
      Zot:1 |   15908 |       0 |   0.0 |      13 |       0 |   0.0
      Zot:2 |   17700 |   21511 |  54.9 |      12 |      14 |  53.8
      Zot:4 |   32851 |   11166 |  25.4 |      27 |       9 |  25.0
      Zot:5 |   40990 |   88079 |  68.2 |      37 |      35 |  48.6
      IceCv |       0 |   13627 | 100.0 |       0 |      27 | 100.0
    Volcano |       0 |    6891 | 100.0 |       0 |      16 | 100.0
 Desolation |       0 |   31721 | 100.0 |       0 |      64 | 100.0
            +---------+---------+-------+---------+---------+-------

Skill      XL: |  1  2  3  4  5  6  7  8  9 10 11 12 13 14 15 16 17 18 19 20 21 22 23 24 25 |
---------------+----------------------------------------------------------------------------+-----
Fighting       | 2 3 4 5 6 7 10 13 14 16 17 18 20 23 24 | 24.0
Shields        | 1 2 3 5 12 15 16 17 18 20 | 20.0
Armour         | 3 4 5 10 12 15 16 18 20 21 24 26 | 26.3
Evocations     | 1 5 6 |  6.0
Axes           | 4 8 10 11 14 16 17 18 | 18.0
Dodging        | 6 10 12 15 | 15.0
Short Blades   | |  1.7
Throwing       | |  1.7
Stealth        | |  4.3

Action                     |  1- 3 |  4- 6 |  7- 9 | 10-12 | 13-15 | 16-18 | 19-21 | 22-24 | 25-27 || total
---------------------------+-------+-------+-------+-------+-------+-------+-------+-------+-------++-------
  Melee: Dagger            |   103 |   245 |   426 |       |       |       |       |       |       ||   774
         Tailslap          |    12 |    25 |   109 |   156 |   363 |   316 |   295 |   416 |    32 ||  1724
         Mace              |       |    12 |     6 |       |       |       |       |       |       ||    18
         War axe           |       |       |   105 |   764 |  1708 |   744 |       |       |       ||  3321
         Flail             |       |       |       |       |    12 |    12 |       |       |       ||    24
         Broad axe         |       |       |       |       |       |   777 |  1441 |  1514 |    49 ||  3781
         Unarmed           |       |       |       |       |       |       |       |     2 |       ||     2
         Labrys            |       |       |       |       |       |       |       |       |   111 ||   111
  Throw: Dart              |       |     3 |    10 |    44 |     2 |       |       |       |       ||    59
         Throwing net      |       |     1 |       |       |       |       |       |       |       ||     1
 Invoke: Call Merchant     |       |       |     1 |     1 |     3 |     2 |     1 |     1 |       ||     9
         Potion Petition   |       |       |       |       |       |       |     3 |     4 |     1 ||     8
         Bribe Branch      |       |       |       |       |       |       |       |     1 |       ||     1
  Evoke: Wand              |       |       |     6 |    11 |     9 |    12 |     4 |     1 |     4 ||    47
         Condenser vane    |       |       |       |       |       |       |       |     2 |       ||     2
         Phantom mirror    |       |       |       |       |       |       |       |       |     1 ||     1
    Use: Scroll            |       |     7 |    14 |     8 |    12 |    19 |     7 |     5 |     2 ||    74
         Potion            |       |     1 |     2 |     7 |    11 |     3 |     2 |    13 |     4 ||    43
   Stab: Sleeping          |    12 |       |       |       |       |       |       |       |       ||    12
         Paralysed         |       |       |     6 |     8 |       |       |       |       |       ||    14
         Distracted        |       |       |       |     4 |     9 |    17 |    14 |    17 |     2 ||    63
         Invisible         |       |       |       |       |       |     2 |       |       |       ||     2
         Confused          |       |       |       |       |       |       |       |     2 |       ||     2
 Armour: Robe              |    42 |       |       |       |       |       |       |       |       ||    42
         Chain mail        |       |   189 |   387 |   386 |       |       |       |       |       ||   962
         Gold dragon scale |       |       |       |   345 |  1511 |   960 |   914 |  1110 |    75 ||  4915
         Skin              |       |       |       |       |       |       |       |     1 |       ||     1
  Dodge: Dodged            |    17 |    31 |    61 |    90 |   118 |    65 |   189 |   344 |    46 ||   961
         Repelled          |       |       |       |       |       |       |     1 |    25 |     3 ||    29
  Block: Buckler           |    12 |    42 |   106 |   158 |   229 |       |       |       |       ||   547
         Kite shield       |       |       |       |       |   396 |  1019 |   971 |  1278 |   166 ||  3830

Illustrated notes

Table legend:
 A = Kills in this place as a percentage of kills in the entire game.
 B = Kills by you in this place as a percentage of kills by you in the entire game.
 C = Kills by friends in this place as a percentage of kills by friends in the entire game.
 D = Other kills in this place as a percentage of other kills in the entire game.
 E = Experience gained in this place as a percentage of experience gained in the entire game.
 F = Experience gained in this place divided by the number of levels of this place that you have seen.
                   A       B       C       D       E      F
               +-------+-------+-------+-------+-------+----------------------
         Total | 100.0 | 100.0 | 100.0 | 100.0 | 100.0 | 23379.8
       Dungeon |  19.2 |  19.4 |   0.0 |   7.1 |   6.8 | 5489.6
          Lair |  10.1 |  10.2 |   0.0 |   0.0 |   4.9 | 11979.0
         Swamp |   7.1 |   6.9 |   0.0 |  28.6 |   7.1 | 21535.0
     Snake Pit |  12.0 |  12.1 |   0.0 |  14.3 |   9.8 | 29701.0
  Orcish Mines |   5.2 |   5.2 |   0.0 |   0.0 |   1.4 | 8717.5
   Elven Halls |   8.0 |   7.9 |   0.0 |  21.4 |   9.2 | 37417.7
        Vaults |  19.8 |  20.0 |   0.0 |   0.0 |  27.2 | 66244.6
        Depths |   5.4 |   5.5 |   0.0 |   0.0 |   9.0 | 27353.5
           Zot |   7.8 |   7.4 | 100.0 |  28.6 |  20.2 | 49200.2
      Ice Cave |   1.3 |   1.4 |   0.0 |   0.0 |   1.1 | 13627.0
       Volcano |   0.8 |   0.8 |   0.0 |   0.0 |   0.6 | 6891.0
    Desolation |   3.2 |   3.2 |   0.0 |   0.0 |   2.6 | 31721.0
               +-------+-------+-------+-------+-------+----------------------

Table legend: (Time is in decaauts)
 A = Elapsed time spent in this place.
 B = Non-inter-level travel time spent in this place.
 C = Inter-level travel time spent in this place.
 D = Time resting spent in this place.
 E = Time spent auto-exploring this place.
 F = Levels seen in this place.
 G = Mean time per level.
                   A        B        C        D        E       F      G
               +--------+--------+--------+--------+--------+-----+--------+
         Total |  64167 |  55486 |   8681 |   9888 |  32212 |  52 | 1234.0 |
       Dungeon |  21713 |  17458 |   4255 |   3158 |  10683 |  15 | 1447.5 |
        Temple |     30 |      1 |     29 |      0 |      0 |   1 |   30.0 |
          Lair |   9028 |   7719 |   1309 |   1134 |   4990 |   5 | 1805.6 |
         Swamp |   3177 |   2996 |    181 |    282 |   2063 |   4 |  794.2 |
     Snake Pit |   5016 |   4705 |    311 |    356 |   3340 |   4 | 1254.0 |
  Orcish Mines |   4295 |   3418 |    877 |   1385 |   1231 |   2 | 2147.5 |
   Elven Halls |   4673 |   4121 |    552 |    806 |   2040 |   3 | 1557.7 |
        Vaults |   8906 |   7903 |   1003 |   1018 |   5165 |   5 | 1781.2 |
        Depths |   2127 |   2024 |    103 |    567 |    782 |   4 |  531.8 |
           Zot |   2952 |   2894 |     58 |    491 |   1114 |   5 |  590.4 |
        Bazaar |    143 |    143 |      0 |      0 |     80 |   1 |  143.0 |
      Ice Cave |    728 |    728 |      0 |    268 |    178 |   1 |  728.0 |
       Volcano |    692 |    692 |      0 |    361 |    148 |   1 |  692.0 |
    Desolation |    680 |    680 |      0 |     61 |    398 |   1 |  680.0 |
               +--------+--------+--------+--------+--------+-----+--------+

Top non-repeatable levels by time:
    D:12: 3923 daAuts
  Lair:1: 2791 daAuts
    D:11: 2453 daAuts
Vaults:5: 2400 daAuts
   Orc:1: 2220 daAuts
    D:10: 2079 daAuts
   Orc:2: 2074 daAuts
  Lair:3: 1966 daAuts
Vaults:3: 1844 daAuts
Vaults:1: 1731 daAuts
   Elf:3: 1687 daAuts
   Elf:1: 1612 daAuts
 Snake:4: 1594 daAuts
  Lair:5: 1567 daAuts
     D:7: 1536 daAuts
